 Dungeon Crawl Stone Soup version 0.25-a0-829-g4e6a552925 (webtiles) character file.

Game seed: 2949594992181105538, levelgen mode: deterministic

12832 Maedhros the Martial Artist (level 11, -5/75 HPs)
             Began as an Octopode Artificer on Apr 21, 2020.
             Was a High Priest of Cheibriados.
             Slain by a cyclops (33 damage)
             ... on level 12 of the Dungeon.
             The game lasted 00:29:24 (6347 turns).

Maedhros the Martial Artist (Octopode Artificer)    Turns: 6347, Time: 00:29:25

Health: -5/75      AC:  3    Str: 25    XL:     11   Next: 99%
Magic:  16/16      EV: 21    Int: 27    God:    Cheibriados [*****.]
Gold:   468        SH:  0    Dex: 28    Spells: 8/10 levels left

rFire    + . .     SeeInvis .     - Unarmed
rCold    . . .     Gourm    .   (no shield)
rNeg     . . .     Faith    .   n - +2 hat
rPois    .         Spirit   .   e - amulet of regeneration
rElec    .         Reflect  .   D - ring of resist corrosion
rCorr    +         Harm     .   (no ring)
MR       +....                  (no ring)
Stlth    ++++++....             J - ring of protection from magic
HPRegen  0.62/turn              M - ring of protection from fire
MPRegen  0.15/turn              (no ring)
                                (no ring)
                                (no ring)

@: very slow
A: almost no armour, stealthy swim, amphibious, 8 rings, constrict 8, camouflage
1, gelatinous body 1
a: Bend Time, Temporal Distortion, Slouch, Step From Time, Renounce Religion


You were on level 12 of the Dungeon.
You worshipped Cheibriados.
Cheibriados was extremely pleased with you.
You were hungry.

You visited 2 branches of the dungeon, and saw 13 of its levels.

You collected 468 gold pieces.

Inventory:

Missiles
 g - 7 javelins
 h - 14 poisoned darts (quivered)
 G - 8 curare-tipped darts
Armour
 n - a +2 hat (worn)
 E - a +0 tower shield
Magical Staves
 o - an uncursed staff of cold
Jewellery
 d - an uncursed amulet of the gourmand
 e - an amulet of regeneration (around mantle)
 u - an uncursed ring of ice
 A - an uncursed ring of ice
 D - a ring of resist corrosion (left tentacle)
 I - an uncursed amulet of guardian spirit
 J - a ring of protection from magic (on tentacle)
 M - a ring of protection from fire (on tentacle)
 N - the amulet "Carghufo" {Acrobat +Blink rPois Str-5 Stlth-}
   (You found it on level 10 of the Dungeon)

   [amulet of the acrobat]

   It helps you evade while moving and waiting.
   It affects your strength (-5).
   It protects you from poison.
   It lets you blink.
   It makes you less stealthy.
Wands
 b - a wand of flame (1)
 c - a wand of polymorph (9)
 p - a wand of digging (6)
 F - a wand of iceblast (5)
Scrolls
 k - a scroll of identify
 l - 4 scrolls of remove curse
 q - 2 scrolls of teleportation
 v - a scroll of acquirement {unknown}
 w - a scroll of enchant armour {unknown}
 x - 2 scrolls of fear
 y - 2 scrolls of magic mapping
 z - a scroll of noise {unknown}
 B - 2 scrolls of enchant weapon
 H - 4 scrolls of amnesia
Potions
 a - a potion of might {unknown}
 i - 3 potions of curing
 j - a potion of degeneration {unknown}
 m - 2 potions of lignification
 r - a potion of flight {unknown}
 s - a potion of mutation {unknown}
 C - 2 potions of resistance {unknown}
 K - a potion of brilliance {unknown}
 L - a potion of stabbing {unknown}
Comestibles
 f - 18 rations


   Skills:
 + Level 7.5 Fighting
   Level 1.0 Short Blades
 + Level 7.7 Dodging
 - Level 9.0 Stealth
 + Level 4.3 Shields
 - Level 10.9 Unarmed Combat
 * Level 6.9 Invocations
 - Level 6.4 Evocations


You had 8 spell levels left.
You knew the following spells:

 Your Spells              Type           Power        Failure   Level  Hunger
a - Animate Skeleton      Necr           N/A          12%         1    ##.....
b - Apportation           Tloc           #.....       12%         1    ##.....

Your spell library contained the following spells:

 Spells                   Type           Power        Failure   Level  Hunger
 Corona                   Hex            #......      12%         1    ##.....
 Summon Small Mammal      Summ           #...         12%         1    ##.....


Dungeon Overview and Level Annotations

Branches:
Dungeon (12/15)            Temple (1/1) D:7            Lair (0/6) D:8
    Orc: D:9-12

Altars:
Ashenzari
Cheibriados
Dithmenos
Elyvilon
Fedhas
Gozag
Hepliaklqana
Kikubaaqudgha
Nemelex Xobeh
Qazlal
Ru
Sif Muna
Trog
Uskayaw
Vehumet
Wu Jian
Yredelemnul
Zin
The Shining One

Portals:
Trove: D:10 (show slimy rune of Zot)

Annotations:
D:6 exclusion: oklob plant


Innate Abilities, Weirdness & Mutations

You cannot wear most types of armour.
You are very stealthy in the water. (Stealth+)
You are amphibious.
You can wear up to eight rings at the same time.
You can use your tentacles to constrict eight enemies at once.
Your skin changes colour to match your surroundings (Stealth+).
Your rubbery body absorbs attacks. (AC +1, EV +1)


Message History

Press: ? - help, Shift-Dir - straight line, f - cyclops
Aim: a cyclops, quivering a large rock (chance to defeat MR: 48%)
The cyclops resists with some effort.
The cyclops throws a large rock.
The large rock misses you.
Evoke which item? (* to show all) (? for menu, Esc to quit)
Aiming: Paralyse
Press: ? - help, Shift-Dir - straight line, f/p - cyclops
Aim: a cyclops (chance to defeat MR: 48%)
The cyclops resists with some effort.
The now-empty wand crumbles to dust.
You barely miss the cyclops. You tentacle-slap the cyclops!
The cyclops is lightly wounded.
You bludgeon the cyclops! You squeeze the cyclops.
The cyclops is heavily wounded.
The cyclops hits you!
You bludgeon the cyclops!
The cyclops is severely wounded.
You bludgeon the cyclops!
The cyclops is almost dead.
The cyclops hits you!!
You die...

#........#
#........#
#........#
#........####
#..........^#
#...........#
#.....C.....#
#@# #.# #.#
#.# #<# ###


You could see a cyclops.

Vanquished Creatures
  Erolcha (D:11)
  2 two-headed ogres
  An ugly thing (D:11)
  Psyche (D:8)
  4 trolls
  2 meliai zombies
  2 dream sheep (D:9)
  2 hippogriffs
  6 yaks
  Grum (D:11)
  Menkaure (D:7)
  4 porcupines (D:8)
  A water moccasin (D:9)
  2 orc warriors
  Duvessa (D:5)
  2 sky beasts
  4 black bears
  3 ice beasts
  3 necrophages
  2 wolves (D:11)
  4 eyes of draining
  9 ogres
  5 centaurs
  A crocodile (D:8)
  3 big kobolds
  Dowan (D:5)
  7 bullfrogs
  A wyvern skeleton (D:9)
  A scorpion (D:8)
  11 wights
  2 howler monkeys
  5 crimson imps
  2 quasits
  4 jellies
  A centaur zombie (D:6)
  2 orc priests
  8 hounds
  6 orc wizards
  2 bullfrog zombies
  A centaur skeleton (D:11)
  5 iguanas
  4 worker ants
  A hound zombie (D:10)
  A howler monkey zombie (D:9)
  A worker ant zombie (D:6)
  4 gnolls
  A howler monkey skeleton (D:7)
  11 adders
  A shadow imp (D:7)
  An ooze (D:1)
  An adder zombie (D:5)
  3 adder skeletons
  A worm (D:4)
  A dart slug (D:3)
  3 leopard geckos
  32 orcs
  4 bats
  7 giant cockroaches
  6 goblins
  6 hobgoblins
  7 jackals
  5 quokkas
  9 frilled lizards
  A giant cockroach zombie (D:5)
  6 kobolds
  A quokka skeleton (D:5)
  6 rats
250 creatures vanquished.

Vanquished Creatures (collateral kills)
  A hydra (D:9)
  A troll (D:9)
  A phantom (D:8)
  2 wolves (D:11)
  A big kobold (D:9)
  A crimson imp (D:6)
  An orc priest (D:11)
  An orc wizard (D:7)
  A gnoll (D:5)
  10 orcs
  A giant cockroach (D:6)
  A fungus (D:8)
22 creatures vanquished.

Vanquished Creatures (others)
  2 wights (D:7)
  A gnoll shaman (D:5)
  An orc wizard (D:4)
  A worker ant (D:4)
  40 fungi (D:8)
  6 plants (D:8)
51 creatures vanquished.

Grand Total: 323 creatures vanquished

Notes
Turn   | Place    | Note
-------+----------+-------------------------------------------
     0 | D:1      | Maedhros the Octopode Artificer began the quest for the
                  | Orb.
     0 | D:1      | Reached XP level 1. HP: 13/13 MP: 3/3
    91 | D:1      | Reached skill level 1 in Unarmed Combat
    91 | D:1      | Reached XP level 2. HP: 13/18 MP: 4/4
   177 | D:1      | Reached XP level 3. HP: 10/23 MP: 5/5
   319 | D:4      | Reached skill level 2 in Unarmed Combat
   319 | D:4      | Reached XP level 4. HP: 24/28 MP: 6/6
   440 | D:5      | Entered Level 5 of the Dungeon
   511 | D:5      | Reached skill level 3 in Unarmed Combat
   511 | D:5      | Reached XP level 5. HP: 22/33 MP: 8/8
   863 | D:4      | Reached XP level 6. HP: 26/38 MP: 9/9
   870 | D:4      | Found an opulent altar of Gozag.
   930 | D:5      | Noticed Duvessa
   930 | D:5      | Noticed Dowan
   932 | D:5      | Killed Duvessa
   932 | D:5      | Reached skill level 4 in Unarmed Combat
   933 | D:5      | Killed Dowan
  1042 | D:6      | Found a basalt altar of Yredelemnul.
  1042 | D:6      | Noticed an oklob plant
  1055 | D:6      | Noticed a phantom
  1079 | D:6      | Reached skill level 5 in Stealth
  1079 | D:6      | Reached skill level 5 in Evocations
  1079 | D:6      | Reached XP level 7. HP: 43/43 MP: 10/10
  1105 | D:6      | Found a hide-covered altar of Uskayaw.
  1188 | D:6      | Reached skill level 5 in Unarmed Combat
  1451 | D:7      | Found a white marble altar of Elyvilon.
  1756 | D:7      | Noticed Menkaure
  1771 | D:7      | Killed Menkaure
  1771 | D:7      | Reached skill level 6 in Unarmed Combat
  1771 | D:7      | Reached XP level 8. HP: 14/48 MP: 12/12
  1830 | D:7      | Found a staircase to the Ecumenical Temple.
  1836 | Temple   | Entered the Ecumenical Temple
  1903 | Temple   | Became a worshipper of Cheibriados the Contemplative
  2655 | D:2      | Found an ornate altar of the Wu Jian Council.
  2781 | D:2      | Reached * piety under Cheibriados
  2781 | D:2      | Reached skill level 7 in Unarmed Combat
  2915 | D:2      | Found a glowing golden altar of the Shining One.
  2916 | D:2      | Found a glowing silver altar of Zin.
  3120 | D:3      | Learned a level 1 spell: Animate Skeleton
  3122 | D:3      | Learned a level 1 spell: Apportation
  3402 | D:3      | Found a shadowy altar of Dithmenos.
  3558 | D:3      | Reached ** piety under Cheibriados
  3871 | D:6      | Found a bloodstained altar of Trog.
  3877 | D:6      | Reached XP level 9. HP: 54/54 MP: 13/13
  3895 | D:6      | Reached skill level 8 in Unarmed Combat
  4064 | D:8      | Found a stormy altar of Qazlal.
  4065 | D:8      | Noticed a two-headed ogre
  4077 | D:8      | Killed a two-headed ogre
  4094 | D:8      | Noticed Psyche
  4104 | D:8      | Killed Psyche
  4104 | D:8      | Reached skill level 9 in Unarmed Combat
  4207 | D:8      | Reached XP level 10. HP: 47/64 MP: 14/14
  4237 | D:8      | Reached *** piety under Cheibriados
  4315 | D:8      | Reached skill level 5 in Dodging
  4349 | D:8      | Reached skill level 10 in Unarmed Combat
  4354 | D:8      | Found a staircase to the Lair.
  4377 | D:8      | Reached skill level 5 in Fighting
  4443 | D:8      | Found a sacrificial altar of Ru.
  4584 | D:9      | Noticed a two-headed ogre
  4599 | D:9      | Killed a two-headed ogre
  4654 | D:9      | Reached **** piety under Cheibriados
  4695 | D:9      | Reached skill level 1 in Invocations
  4709 | D:9      | Reached skill level 1 in Shields
  4709 | D:9      | Reached XP level 11. HP: 65/72 MP: 15/15
  5114 | D:9      | Noticed a three-headed hydra
  5122 | D:9      | Killed a three-headed hydra
  5216 | D:10     | Entered Level 10 of the Dungeon
  5418 | D:10     | Found a portal to a secret trove of treasure.
  5446 | D:10     | Reached ***** piety under Cheibriados
  5551 | D:10     | Reached skill level 5 in Invocations
  5785 | D:11     | Noticed Grum
  5798 | D:11     | Killed Grum
  5990 | D:11     | Noticed Erolcha
  6015 | D:11     | Killed Erolcha
  6178 | D:11     | Noticed a red ugly thing
  6189 | D:11     | Killed a red ugly thing
  6268 | D:10     | Got a crude tin amulet
  6269 | D:10     | Identified the amulet "Carghufo" {Acrobat +Blink rPois
                  | Str-5 Stlth-} (You found it on level 10 of the Dungeon)
  6337 | D:12     | Noticed a cyclops
  6347 | D:12     | Slain by a cyclops

Levels and vault maps discovered:
D:1:      minmay_arrival_three_doors, layout_basic, st_stairs_5
D:2:      layout_basic, overflow_temple_1_default,
          gammafunk_temple_overflow_statue, first_ration
D:3:      layout_loops_corners, nicolae_dithmenos_through_a_glass_darkly,
          minitemple
D:4:      layout_basic, old_standard_altar
D:5:      layout_loops_ring, uniq_duvessa
D:6:      lemuel_slime, layout_loops_ring, eat_drink_and_be_merry_uskayaw,
          makhleb_grotto_becter, trog_eyes_of_draining, lemuel_oklob_altar
D:7:      layout_basic, kennysheep_little_box,
          minmay_temple_entry_statues_pillars, uniq_menkaure
D:8:      layout_basic, lemuel_crystal_altar, old_standard_altar,
          due_lair_maze_entry_diamond, uniq_psyche
D:9:      layout_small_grid, hangedman_ranch [blue_anna_fruit_fields]
D:10:     layout_basic, enter_trove_0
D:11:     layout_basic, minmay_misc_feat_chi, uniq_erolcha, uniq_grum
D:12:     minmay_the_grid_triangle_9x9_line_8_mashed
          [minmay_the_grid_triangle_9x9_windchime,
          minmay_the_grid_triangle_9x9_intruding_spiral,
          minmay_the_grid_triangle_9x9_stretched_checkered,
          minmay_the_grid_triangle_9x9_from_above,
          minmay_the_grid_triangle_9x9_zippers_horizontal,
          minmay_the_grid_triangle_9x9_sprig,
          minmay_the_grid_triangle_9x9_skeleton,
          minmay_the_grid_triangle_9x9_prize_insulated], layout_basic
Temple:   nicolae_temple_figure_zero

Skill      XL: |  1  2  3  4  5  6  7  8  9 10 11 |
---------------+----------------------------------+-----
Unarmed Combat | 1 2 3 4 6 7 9 10 | 10.9
Stealth        | 2 3 4 5 6 7 9 |  9.0
Evocations     | 4 5 6 |  6.4
Fighting       | 2 4 6 7 |  7.5
Dodging        | 4 6 7 |  7.7
Invocations    | 2 6 |  6.9
Shields        | 1 4 |  4.3
Short Blades   | |  1.0

Action                   |  1- 3 |  4- 6 |  7- 9 | 10-12 || total
-------------------------+-------+-------+-------+-------++-------
Melee: Short sword       |    30 |    34 |       |       ||    64
       Constrict         |     7 |     8 |    61 |    56 ||   132
       Tentacles         |     7 |    10 |    68 |   103 ||   188
       Punch             |       |     1 |    23 |    53 ||    77
       Unarmed           |       |       |   263 |   282 ||   545
 Cast: Animate Skeleton  |       |       |       |    20 ||    20
Invok: Slouch            |       |       |       |     1 ||     1
Evoke: Wand              |     4 |    15 |    27 |    31 ||    77
  Use: Potion            |       |     1 |       |     2 ||     3
       Scroll            |       |       |     8 |     5 ||    13
 Stab: Sleeping          |     1 |     2 |    23 |    10 ||    36
       Distracted        |     1 |       |     1 |     2 ||     4
       Paralysed         |       |       |     4 |    17 ||    21
  Eat: Chunk             |       |       |     9 |     5 ||    14
Armor: Skin              |     3 |     3 |    19 |    17 ||    42
Dodge: Dodged            |    22 |    20 |   133 |   217 ||   392

Table legend:
 A = Non-vault XP
 B = Vault XP
 C = Vault XP percentage of total XP
 D = Non-vault monster count
 E = Vault monster count
 F = Vault count percentage of total count
                 A         B        C        D         E       F
            +---------+---------+-------+---------+---------+-------
      Total |   12263 |    6069 |  33.1 |     238 |      35 |  12.8
            +---------+---------+-------+---------+---------+-------
        D:1 |      57 |       2 |   3.4 |      25 |       2 |   7.4
        D:2 |      58 |       0 |   0.0 |       8 |       0 |   0.0
        D:3 |     188 |       0 |   0.0 |      18 |       0 |   0.0
        D:4 |     183 |       0 |   0.0 |      14 |       0 |   0.0
        D:5 |     318 |     216 |  40.4 |      20 |       2 |   9.1
        D:6 |     548 |     597 |  52.1 |      21 |       5 |  19.2
        D:7 |     564 |     172 |  23.4 |      18 |       1 |   5.3
        D:8 |    2387 |    1652 |  40.9 |      31 |      11 |  26.2
        D:9 |    3230 |    1830 |  36.2 |      31 |       8 |  20.5
       D:10 |    1472 |       0 |   0.0 |      20 |       0 |   0.0
       D:11 |    2951 |    1600 |  35.2 |      31 |       6 |  16.2
       D:12 |     307 |       0 |   0.0 |       1 |       0 |   0.0
            +---------+---------+-------+---------+---------+-------
